 Dungeon Crawl Stone Soup version 0.25-b1-46-gb8a1ec05df (webtiles) character file.

Game seed: 16723755475725521741

31072 grindst0ne the Unseen (level 13, -8/61 HPs)
             Began as a Spriggan Enchanter on June 9, 2020.
             Was a Priest of Cheibriados.
             Mangled by a death yak (18 damage)
             ... on level 5 of the Lair of Beasts.
             The game lasted 00:51:04 (21754 turns).

grindst0ne the Unseen (Spriggan Enchanter)         Turns: 21754, Time: 00:51:04

Health: -8/61      AC:  6    Str: 12    XL:     13   Next: 24%
Magic:  9/26       EV: 33    Int: 29    God:    Cheibriados [***...]
Gold:   1458       SH:  5    Dex: 23    Spells: 10/28 levels left

rFire    + + .     SeeInvis +   L - +11 dagger "Orhug" {drain, rPois MR+}
rCold    + . .     Gourm    .   (shield restricted)
rNeg     . . .     Faith    .   y - +0 robe {rC+ rF+}
rPois    +         Spirit   .   (helmet restricted)
rElec    .         Reflect  +   F - +2 cloak {MR+}
rCorr    .         Harm     .   (gloves unavailable)
MR       ++++.                  (boots unavailable)
Stlth    +++++++...             j - amulet of reflection
HPRegen  0.20/turn              A - ring of Axinerph {+Inv rPois rF+ Dex-2 Slay+6}
MPRegen  0.20/turn              G - ring of wizardry

@: confusing touch, very slightly contaminated, very slow
A: very small, unfitting armour, rugged brown scales 1, see invisible,
herbivore, speed 3, slow metabolism 2
a: Bend Time, Temporal Distortion, Renounce Religion, Evoke Invisibility


You were on level 5 of the Lair of Beasts.
You worshipped Cheibriados.
Cheibriados was most pleased with you.
You were near starving.

You visited 3 branches of the dungeon, and saw 18 of its levels.
You also visited: Bailey.

You collected 1458 gold pieces.

Inventory:

Hand Weapons
 L - the +11 dagger "Orhug" (weapon) {drain, rPois MR+}
   (You found it on level 4 of the Dungeon)

   A truly terrible weapon, it drains the life of those it strikes.
   It protects you from poison.
   It affects your resistance to hostile enchantments.
Missiles
 a - 20 poisoned darts (quivered)
Armour
 y - a +0 robe of resistance (worn)
 F - a +2 cloak of magic resistance (worn)
Jewellery
 b - an uncursed amulet of the acrobat {unknown}
 j - an amulet of reflection (around neck)
 m - an uncursed amulet of faith {unknown}
 A - the ring of Axinerph (left hand) {+Inv rPois rF+ Dex-2 Slay+6}
   (You found it in a bailey)

   [ring of protection from fire]

   It affects your dexterity (-2).
   It affects your accuracy and damage with ranged weapons and melee attacks
   (+6).
   It protects you from fire.
   It protects you from poison.
   It lets you turn invisible.
 G - a ring of wizardry (right hand)
 N - an uncursed amulet of guardian spirit {unknown}
Wands
 i - a wand of disintegration (17)
 o - a wand of iceblast (2)
 u - a wand of digging (4)
 B - a wand of enslavement (10)
 M - a wand of flame (14)
Scrolls
 c - 3 scrolls of identify
 g - a scroll of blinking
 h - 9 scrolls of remove curse
 k - 4 scrolls of fear
 l - 2 scrolls of enchant weapon
 p - a scroll of amnesia
 s - 3 scrolls of enchant armour
 t - a scroll of fog
 E - a scroll of silence
 H - 3 scrolls of immolation
 I - a scroll of vulnerability {unknown}
 O - a scroll of teleportation
Potions
 e - 2 potions of mutation
 f - 2 potions of flight
 n - 2 potions of resistance
 q - a potion of brilliance
 r - a potion of might
 v - 2 potions of heal wounds
 w - a potion of invisibility
 x - 7 potions of curing
 z - 3 potions of magic
 C - 6 potions of stabbing
 J - 2 potions of degeneration {unknown}
 K - 3 potions of ambrosia
 P - a potion of berserk rage {unknown}
Comestibles
 d - 30 rations


   Skills:
 + Level 3.4 Fighting
 - Level 3.4 Short Blades
 + Level 14.4 Dodging
 + Level 15.9 Stealth
 - Level 8.1 Spellcasting
 - Level 12.0 Hexes
 - Level 0.3 Ice Magic
 - Level 1.0 Air Magic
 + Level 1.1 Earth Magic
 - Level 1.0 Poison Magic
 * Level 11.2 Invocations
 + Level 2.7 Evocations


You had 10 spell levels left.
You knew the following spells:

 Your Spells              Type           Power        Failure   Level  Hunger
a - Poisonous Vapours     Pois/Air       ###...       1%          2    None
b - Ensorcelled Hibernat  Hex/Ice        #####.       1%          2    None
c - Confusing Touch       Hex            ######..     1%          3    None
d - Mephitic Cloud        Conj/Pois/Air  ###.....     4%          3    None
e - Ignite Poison         Fire/Tmut/Pois ##......     4%          3    None
f - Lee's Rapid Deconstr  Erth           ###.......   32%         5    ####...

Your spell library contained the following spells:

 Spells                   Type           Power        Failure   Level  Hunger
 Corona                   Hex            ######.      1%          1    None
 Sandblast                Erth           ###...       1%          1    None
 Sting                    Tmut/Pois      ##..         1%          1    None
 Dazzling Flash           Conj/Hex       #####.       1%          3    None
 Tukima's Dance           Hex            ######..     1%          3    None
 Passwall                 Tmut/Erth      ##......     2%          2    None
 Stone Arrow              Conj/Erth      ##....       4%          3    None
 Olgreb's Toxic Radiance  Pois           ###.....     12%         4    #......
 Petrify                  Tmut/Erth      ##......     14%         4    #......


Dungeon Overview and Level Annotations

Branches:
Dungeon (12/15)            Temple (1/1) D:5            Lair (5/6) D:9
 Shoals (0/4) Lair:3       Spider (0/4) Lair:3          Orc (0/2) D:10
 Bailey (visited)
  Slime: Lair:5-6

Altars:
Ashenzari
Cheibriados
Dithmenos
Elyvilon
Fedhas
Gozag
Hepliaklqana
Kikubaaqudgha
Makhleb
Nemelex Xobeh
Okawaru
Qazlal
Ru
Sif Muna
Trog
Uskayaw
Vehumet
Wu Jian
Xom
Yredelemnul
Zin
The Shining One

Shops:
D:10 !

Annotations:
D:2 exclusion: downstairs
D:5 4 transporters, TheAlmogaver's ghost, novice MiBe
D:11 exclusion: downstairs


Innate Abilities, Weirdness & Mutations

You are very small and have problems with some larger weapons.
You are too small for most types of armour.
You have supernaturally acute eyesight. (SInv)
You are a herbivore.
You cover ground extremely quickly.
You need to consume almost no food.
You are partially covered in rugged brown scales. (AC +1, +3% HP)


Message History

You can feel time thicken for a moment.
You kill the yak!
Cheibriados appreciates the change of pace.
You are near starving!
Cheibriados lowers the support of your attributes as your movement quickens.
Evoke which item? (* to show all) (? for menu, Esc to quit)
Aiming: Iceblast
Press: ? - help, Shift-Dir - straight line, f - death yak
Aim: a death yak (moderately wounded, chance to confuse on hit: 17%)
The mass of ice explodes!
The iceblast engulfs the death yak but does no damage.
The death yak is moderately wounded.
Evoke which item? (* to show all) (? for menu, Esc to quit)
Okay, then.
You warp the flow of time around you!
You feel somewhat more hungry.
You can no longer inflict damage on those overly hasty.
Cheibriados lowers the support of your attributes as your movement quickens.
You hit the plant but do no damage. The death yak gores you!!
You die...

..............#...#
.#.............#..##
........##....##...#
.........##..#.#...#
. ......PP#.......##
. ......P.........##
...........P#
............##
..P...P#..@..#
.####.###YY..#
###... #######.#YP#
#..... #.....#Y#.P##
..Y.Y###..........#
#....##.....#...##
#.....#.#.P.##.##
##....##.#..###.##
.##......#.#..###..#


You could see 2 death yaks and 2 yaks.

Vanquished Creatures
  4 hydras
  3 death yaks
  2 two-headed ogres (D:11)
  Nergalle (D:10)
  The ghost of Laummuim the Gouger, a journeyman FeFi of Fedhas (Lair:4)
  An ugly thing (D:11)
  3 orc knights (Bailey)
  2 cyclopes
  8 elephants
  A black mamba (Lair:3)
  A manticore (D:12)
  3 spiny frogs
  3 komodo dragons
  A rime drake (Lair:1)
  2 merfolk (Lair:3)
  A queen bee (Lair:1)
  A troll (D:11)
  Grinder (D:5)
  A hornet (D:7)
  Prince Ribbit (D:9)
  4 hippogriffs
  4 blink frogs (Lair:1)
  2 redbacks (Lair:3)
  21 yaks
  A vampire (D:12)
  2 basilisks
  3 hungry ghosts
  5 water moccasins
  8 porcupines
  3 sky beasts
  2 ice beasts
  5 ogres
  19 orc warriors
  2 phantoms
  5 wolves (Lair:3)
  A centaur (D:8)
  6 crocodiles
  A big kobold (D:9)
  10 bullfrogs
  24 killer bees
  6 wights (D:6)
  2 howler monkeys
  3 crimson imps
  2 bullfrog zombies (D:12)
  A centaur zombie (D:5)
  A quasit (D:8)
  A jelly (D:6)
  4 hounds
  14 orc priests
  20 orc wizards
  3 bullfrog skeletons
  7 centaur skeletons
  Ijyb (D:3)
  4 iguanas
  2 hell rats (D:9)
  6 worker ants
  Terence (D:3)
  2 hound skeletons
  A worker ant zombie (D:8)
  15 adders
  4 shadow imps
  3 oozes
  3 adder zombies
  2 adder skeletons (D:7)
  A worm (D:4)
  A dart slug (D:1)
  4 leopard geckos
  68 orcs
  7 giant cockroaches
  10 hobgoblins
  19 jackals
  13 kobolds
  5 quokkas
  11 bats
  5 frilled lizards
  8 goblins
  A leopard gecko skeleton (D:5)
  A leopard gecko zombie (D:8)
  8 rats
439 creatures vanquished.

Vanquished Creatures (others)
  A kobold (D:9)
  7 fungi
  3 plants
11 creatures vanquished.

Grand Total: 450 creatures vanquished

Notes
Turn   | Place    | Note
-------+----------+-------------------------------------------
     0 | D:1      | grindst0ne the Spriggan Enchanter began the quest for the
                  | Orb.
     0 | D:1      | Reached XP level 1. HP: 9/9 MP: 5/5
   406 | D:1      | Reached XP level 2. HP: 13/13 MP: 6/6
   418 | D:1      | Learned a level 2 spell: Ensorcelled Hibernation
   492 | D:1      | Reached skill level 5 in Stealth
   913 | D:2      | Reached XP level 3. HP: 9/16 MP: 0/8
  1622 | D:2      | Reached skill level 6 in Stealth
  1622 | D:2      | Reached XP level 4. HP: 8/21 MP: 0/9
  2371 | D:3      | Noticed Ijyb
  2435 | D:3      | Noticed Terence
  2481 | D:2      | Learned a level 3 spell: Confusing Touch
  2519 | D:3      | Killed Terence
  3040 | D:3      | Reached XP level 5. HP: 24/24 MP: 7/10
  3099 | D:3      | Reached skill level 5 in Hexes
  3295 | D:3      | Found a hazy altar of Hepliaklqana.
  3888 | D:3      | Reached skill level 7 in Stealth
  4074 | D:3      | Killed Ijyb
  4074 | D:3      | Reached XP level 6. HP: 28/28 MP: 7/12
  4333 | D:4      | Reached skill level 5 in Dodging
  4632 | D:4      | Noticed a hippogriff
  4643 | D:4      | Killed a hippogriff
  4643 | D:4      | Reached XP level 7. HP: 14/32 MP: 8/14
  5188 | D:5      | Entered Level 5 of the Dungeon
  5539 | D:5      | Reached skill level 8 in Stealth
  5596 | D:5      | Found a transporter.
  5713 | D:5      | Found a transporter.
  5720 | D:5      | You fall into a shaft and drop 2 floors!
  5994 | D:5      | Found a staircase to the Ecumenical Temple.
  5994 | D:5      | Noticed Grinder
  6001 | D:5      | Gained mutation: You are partially covered in rugged brown
                  | scales. (AC +1, +3% HP) [potion of mutation]
  6001 | D:5      | Gained mutation: You are dopey. (Int -2) [potion of
                  | mutation]
  6001 | D:5      | Lost mutation: You are dopey. (Int -2) [potion of mutation]
  6004 | Temple   | Entered the Ecumenical Temple
  6473 | Temple   | Became a worshipper of Cheibriados the Contemplative
  6520 | D:5      | Killed Grinder
  6520 | D:5      | Reached skill level 5 in Spellcasting
  6520 | D:5      | Reached XP level 8. HP: 31/37 MP: 13/16
  6589 | D:5      | Found a transporter.
  6613 | D:5      | Reached skill level 9 in Stealth
  6722 | D:5      | Found a transporter.
  6722 | D:5      | Noticed TheAlmogaver's ghost (novice MiBe)
  7654 | D:6      | Reached skill level 10 in Stealth
  8166 | D:7      | Reached XP level 9. HP: 40/40 MP: 20/20
  9230 | D:8      | Reached skill level 11 in Stealth
  9808 | D:8      | Reached * piety under Cheibriados
 10525 | D:9      | Reached skill level 10 in Dodging
 10527 | D:9      | Noticed a death yak
 10658 | D:9      | Reached skill level 1 in Invocations
 10871 | D:9      | Found a staircase to the Lair.
 10941 | D:9      | Reached XP level 10. HP: 45/45 MP: 18/23
 11262 | D:9      | Reached skill level 12 in Stealth
 11491 | D:9      | Noticed a death yak
 11492 | D:9      | Noticed a death yak
 11680 | D:9      | Noticed Prince Ribbit
 11687 | D:9      | Killed Prince Ribbit
 11754 | D:10     | Entered Level 10 of the Dungeon
 12037 | D:10     | Found Akafidei's Distillery.
 12124 | D:10     | Found a staircase to the Orcish Mines.
 12171 | D:10     | Reached ** piety under Cheibriados
 12498 | D:10     | Noticed Nergalle
 12499 | D:10     | Killed Nergalle
 12907 | D:11     | Noticed a cyclops
 12909 | D:11     | Killed a cyclops
 12909 | D:11     | Reached skill level 10 in Hexes
 12909 | D:11     | Reached skill level 5 in Invocations
 13097 | D:4      | Got a polished dagger
 13098 | D:4      | Identified the +11 dagger "Orhug" {drain, rPois MR+} (You
                  | found it on level 4 of the Dungeon)
 13578 | D:11     | Noticed a two-headed ogre
 13585 | D:11     | Killed a two-headed ogre
 13585 | D:11     | Reached skill level 13 in Stealth
 13606 | D:11     | Learned a level 3 spell: Mephitic Cloud
 13623 | D:11     | Noticed a two-headed ogre
 13632 | D:11     | Killed a two-headed ogre
 13632 | D:11     | Reached XP level 11. HP: 48/48 MP: 24/24
 13641 | D:11     | Reached skill level 1 in Poison Magic
 13951 | D:11     | Noticed a green ugly thing
 13960 | D:11     | Killed a green ugly thing
 14113 | D:12     | Noticed an eight-headed hydra
 14414 | D:12     | Reached skill level 1 in Air Magic
 14433 | D:12     | Reached *** piety under Cheibriados
 14454 | D:12     | Found a flagged portal.
 14463 | Bailey   | Entered a bailey
 14463 | Bailey   | Noticed an orc knight
 14463 | Bailey   | Noticed an orc knight
 14463 | Bailey   | Noticed an orc knight
 14696 | Bailey   | Learned a level 2 spell: Poisonous Vapours
 14718 | Bailey   | Killed an orc knight
 14759 | Bailey   | Killed an orc knight
 14959 | Bailey   | Killed an orc knight
 15219 | Bailey   | Got a bound glass ring
 15221 | Bailey   | Identified the ring of Axinerph {+Inv rPois rF+ Dex-2
                  | Slay+6} (You found it in a bailey)
 15434 | D:12     | Reached skill level 14 in Stealth
 15946 | D:12     | Reached **** piety under Cheibriados
 16389 | D:12     | Noticed a deep elf mage
 16394 | D:12     | Noticed a deep elf archer
 16449 | D:9      | Learned a level 3 spell: Ignite Poison
 16471 | D:9      | Killed a death yak
 16471 | D:9      | Reached XP level 12. HP: 52/52 MP: 5/25
 16474 | D:9      | Killed a death yak
 16756 | Lair:1   | Entered Level 1 of the Lair of Beasts
 16958 | Lair:1   | Found a shadowy altar of Dithmenos.
 17499 | Lair:1   | Reached ***** piety under Cheibriados
 17623 | Lair:1   | Noticed a five-headed hydra
 17627 | Lair:1   | Killed a five-headed hydra
 17627 | Lair:1   | Reached skill level 1 in Fighting
 18074 | Lair:2   | Reached skill level 15 in Stealth
 18979 | Lair:3   | Reached skill level 10 in Invocations
 19054 | Lair:3   | Found a staircase to the Shoals.
 19059 | Lair:3   | Noticed an eight-headed hydra
 19256 | Lair:3   | Noticed a seven-headed hydra
 19270 | Lair:3   | Killed a seven-headed hydra
 19801 | Lair:3   | Found a hole to the Spider Nest.
 20031 | Lair:3   | Killed an eight-headed hydra
 20475 | Lair:4   | Found a runed translucent door.
 20477 | Lair:4   | Noticed Laummuim's ghost (journeyman FeFi)
 20822 | Lair:4   | Reached XP level 13. HP: 53/61 MP: 14/26
 20824 | Lair:4   | Reached skill level 1 in Evocations
 21149 | Lair:4   | Learned a level 5 spell: Lee's Rapid Deconstruction
 21436 | Lair:4   | Killed Laummuim's ghost
 21741 | Lair:5   | Reached skill level 1 in Earth Magic
 21754 | Lair:5   | Mangled by a death yak

Illustrated notes

Levels and vault maps discovered:
D:1:      ebering_hopf_link, layout_rooms, serial_rivers,
          chequers_serial_rivers_room_a, chequers_serial_rivers_room_a,
          chequers_serial_rivers_large_b, chequers_serial_rivers_large_a
D:2:      layout_loops_ring, first_ration
D:3:      layout_loops_ring, lemuel_doored_altar, uniq_ijyb, uniq_terence
D:4:      layout_loops_cross, kennysheep_generic_room_14
D:5:      gammafunk_wand_slinger, layout_loops_corners,
          minmay_temple_entry_proselytizer, gammafunk_ghost_arena, uniq_grinder
D:6:      layout_cave_pools
D:7:      layout_rooms, grunt_ogre_cave, minmay_fractal_squares_5
D:8:      layout_layer_cave
D:9:      layout_basic, dpeg_lair_monsters, uniq_prince_ribbit1
D:10:     layout_basic, orc_0_dummy, serial_shops, shop, palyth_stone_intersect,
          uniq_nergalle
D:11:     layout_loops_ring
D:12:     layout_small_grid, enter_bailey_8
Temple:   kilobyte_greek_temple
Lair:1:   layout_loops_ring, basic_altar, special_room [special_room_bee]
Lair:2:   layout_cave_pods, grunt_megastairs_3, lemuel_fruit_tree,
          infiniplex_staircase_pool_2
Lair:3:   layout_roguey, elwin_shoals_entry_rooms, spider_nest_entry_webs
Lair:4:   layout_roguey, hellmonk_ghost_happy_afterlife
Lair:5:   layout_regular_city, minmay_slime_entry_pillars

Skill      XL: |  1  2  3  4  5  6  7  8  9 10 11 12 13 |
---------------+----------------------------------------+-----
Stealth        | 5 6 7 8 10 11 13 14 15 | 15.9
Hexes          | 4 5 6 7 9 10 11 12 | 12.0
Dodging        | 4 5 6 8 10 11 13 14 | 14.4
Spellcasting   | 3 4 5 6 8 |  8.1
Short Blades   | 2 3 |  3.4
Invocations    | 2 6 8 10 11 | 11.2
Poison Magic   | 1 |  1.0
Air Magic      | 1 |  1.0
Fighting       | 3 |  3.4
Evocations     | 2 |  2.7
Earth Magic    | 1 |  1.1
Ice Magic      | |  0.3

Action                   |  1- 3 |  4- 6 |  7- 9 | 10-12 | 13-15 || total
-------------------------+-------+-------+-------+-------+-------++-------
Melee: Dagger            |   101 |   209 |   295 |   360 |    28 ||   993
Throw: Throwing net      |       |       |       |     1 |       ||     1
 Cast: Corona            |    10 |     1 |       |       |       ||    11
       Ensorcelled Hiber |    15 |    50 |   116 |   185 |    20 ||   386
       Confusing Touch   |       |     1 |    23 |    26 |     3 ||    53
       Poisonous Vapours |       |       |       |    39 |       ||    39
       Mephitic Cloud    |       |       |       |     5 |     2 ||     7
       Ignite Poison     |       |       |       |     1 |       ||     1
Invok: Slouch            |       |       |       |     3 |     1 ||     4
       Temporal Distorti |       |       |       |       |     2 ||     2
Evoke: Wand              |       |       |       |    16 |     7 ||    23
  Use: Potion            |       |       |     1 |     3 |       ||     4
       Scroll            |       |       |    10 |    14 |     1 ||    25
 Stab: Sleeping          |    19 |    41 |    97 |   135 |    15 ||   307
       Distracted        |       |     1 |       |       |       ||     1
       Confused          |       |     2 |    26 |    23 |     2 ||    53
  Eat: Ration            |       |     2 |     4 |     7 |     1 ||    14
Armor: Robe              |     8 |    12 |    11 |    22 |     2 ||    55
Dodge: Dodged            |   102 |   136 |   190 |   409 |    31 ||   868
Block: Other             |       |    33 |    47 |    78 |     4 ||   162
       Reflection        |       |       |     1 |     4 |       ||     5
